 Dungeon Crawl Stone Soup version 0.24.0-1-gfbc8707 (webtiles) character file.

Game seed: 12170758327693650960, levelgen mode: deterministic

11204 Illumine the Cleaver (level 11, -26/100 HPs)
             Began as a Deep Dwarf Fighter on Oct 27, 2019.
             Was a Priest of Makhleb.
             Annihilated by an ettin
             ... wielding a +0 dire flail
              (27 damage)
             ... on level 1 of the Orcish Mines.
             The game lasted 00:13:18 (7141 turns).

Illumine the Cleaver (Deep Dwarf Fighter)           Turns: 7141, Time: 00:13:18

Health: -26/100    AC: 14    Str: 25    XL:     11   Next: 46%
Magic:  10/10      EV:  8    Int: 10    God:    Makhleb [***...]
Gold:   424        SH: 19    Dex: 15    Spells: 10/10 levels left

rFire    . . .     SeeInvis .   w - +2 war axe "Tiera" {flame, Str+3} (curse)
rCold    . . .     Gourm    .   z - +1 large shield
rNeg     . . .     Faith    .   L - +0 plate armour
rPois    .         Spirit   .   o - +1 hat
rElec    .         Reflect  .   (no cloak)
rCorr    .         Harm     .   (no gloves)
MR       +....                  (no boots)
Stlth    ..........             k - amulet of rage
HPRegen  0.00/turn              E - +3 ring of dexterity
MPRegen  0.12/turn              (no ring)

@: lethally poisoned (-26 -> -26), non-regenerating, slowed, very slow
A: damage resistance, heal wounds, sense surroundings 2, no regeneration
a: Heal Wounds, Minor Destruction, Lesser Servant of Makhleb, Renounce Religion,
Evoke Berserk Rage


You were on level 1 of the Orcish Mines.
You worshipped Makhleb.
Makhleb was most pleased with you.
You were very hungry.

You visited 2 branches of the dungeon, and saw 11 of its levels.

You collected 424 gold pieces.

Inventory:

Hand Weapons
 a - a +0 war axe
 b - a +4 war axe
 t - the +4 mace of Eternity {freeze, rF+ Str+4}
   (You found it on level 7 of the Dungeon)

   It has been specially enchanted to freeze those struck by it, causing extra
   injury to most foes and up to half again as much damage against particularly
   susceptible opponents.
   It can also slow down cold-blooded creatures.
   It affects your strength (+4).
   It protects you from fire.
 w - the cursed +2 war axe "Tiera" (weapon) {flame, Str+3}
   (You found it on level 4 of the Dungeon)

   It has been specially enchanted to burn those struck by it, causing extra
   injury to most foes and up to half again as much damage against particularly
   susceptible opponents.
   Big, fiery blades are also staple armaments of hydra-hunters.
   It affects your strength (+3).
   It has a curse placed upon it.
Missiles
 m - 20 poisoned darts (quivered)
 u - 15 boomerangs
Armour
 o - a +1 hat (worn)
 z - a +1 large shield (worn)
 L - a +0 plate armour (worn)
Jewellery
 k - an amulet of rage (around neck)
 E - a +3 ring of dexterity (left hand)
Wands
 A - a wand of paralysis (9)
 B - a wand of polymorph (12)
 J - a wand of iceblast (6)
Scrolls
 c - 2 scrolls of fog {unknown}
 i - 5 scrolls of magic mapping
 n - 2 scrolls of immolation {unknown}
 p - 5 scrolls of teleportation {unknown}
 s - a scroll of blinking {unknown}
 v - 3 scrolls of remove curse
 x - 3 scrolls of fear {unknown}
 y - a scroll of summoning {unknown}
 C - a scroll of enchant weapon
 D - a scroll of brand weapon {unknown}
 F - a scroll of acquirement {unknown}
 I - a scroll of amnesia {unknown}
Potions
 e - 3 potions of curing
 g - 3 potions of flight
 h - 3 potions of lignification
 j - 2 potions of invisibility
 l - a potion of resistance
 q - a potion of cancellation
 r - 4 potions of might
 H - a potion of magic {unknown}
 K - a potion of haste
Comestibles
 f - 16 rations


   Skills:
 + Level 7.0 Fighting
 + Level 10.5 Axes
 + Level 8.3 Armour
 + Level 7.4 Dodging
 + Level 10.1 Shields
 + Level 6.6 Invocations


You had 10 spell levels left.
You didn't know any spells.
Your spell library contained the following spells:

 Spells                   Type           Power        Failure   Level  Hunger
 Magic Dart               Conj           #...         100%        1    ##.....
 Summon Butterflies       Summ           #.......     100%        1    ##.....
 Searing Ray              Conj           #.....       100%        2    ###....
 Call Canine Familiar     Summ           #.......     100%        3    ####...
 Dazzling Spray           Conj/Hex       #.....       100%        3    ####...
 Force Lance              Conj/Tloc      #.......     100%        4    #####..
 Fulminant Prism          Conj/Hex       #.........   100%        4    #####..
 Iskenderun's Mystic Bla  Conj           #.......     100%        4    #####..
 Summon Ice Beast         Ice/Summ       #.......     100%        4    #####..
 Summon Mana Viper        Hex/Summ       #.......     100%        5    ######.
 Summon Hydra             Summ           #.........   100%        7    #######


Dungeon Overview and Level Annotations

Branches:
Dungeon (10/15)            Temple (0/1) D:6             Orc (1/2) D:10
   Lair: D:8-11

Altars:
Ashenzari
Dithmenos
Elyvilon
Fedhas
Kikubaaqudgha
Makhleb
Qazlal
Uskayaw
Wu Jian
Xom

Shops:
D:6 (   D:8 }   D:10 :

Annotations:
Orc:1 Sonja


Innate Abilities, Weirdness & Mutations

You are resistant to damage.
You can heal yourself by infusing magical energy.
You passively map the area around you.
You do not regenerate.


Message History

You see here a +0 halberd.
You feel much better.
Sonja throws a curare-tipped dart.
You block the curare-tipped dart. You block the ettin's attack.
The ettin hits you with a +0 dire flail!!
* * * LOW HITPOINT WARNING * * *
Unknown command.
You feel much better.
Sonja zaps a wand.
You resist with almost no effort. The ettin barely misses you.
You block the ettin's attack.
Sonja throws a curare-tipped dart.
The curare-tipped dart hits you.
You are poisoned.
You have difficulty breathing.
You feel yourself slow down.
Unknown command.
You hit the ettin. You burn the ettin.
The ettin is lightly wounded.
Sonja throws a curare-tipped dart.
The curare-tipped dart closely misses you.
The ettin hits you with a +0 dire flail!!
* * * LOW HITPOINT WARNING * * *
The ettin hits you with a +0 dire flail!!
You die...

...................)###
.................)...)####
....................#).).#,
.....................###.#
,
......................#*...
................).....#
##...,
...................K..#
#....
............#..)).....#
*.#.#*
................@.....# # #
#...............C.....# *
#...........(#.........#
##.....................#
,#...................P.#* ,
#.....................#*>
#.............C.......# * ,
, ..............#* * , , ,
, ,


You could see an ettin, a cyclops and Sonja.

Vanquished Creatures
  Erolcha (D:9)
  Erica (D:9)
  A two-headed ogre (Orc:1)
  A tengu warrior (D:9)
  An ogre mage (Orc:1)
  Pikel (D:8)
  Psyche (D:9)
  Joseph (D:8)
  A troll (D:10)
  A hippogriff (D:9)
  Sigmund (D:5)
  A spriggan (D:7)
  2 hungry ghosts
  Menkaure (D:5)
  Edmund (D:4)
  A warg (Orc:1)
  6 orc warriors
  3 slaves (D:8)
  5 sky beasts
  A black bear (D:6)
  4 phantoms
  11 ogres
  A wolf (Orc:1)
  4 centaurs
  3 big kobolds
  2 gnoll sergeants (D:10)
  A bullfrog (D:6)
  A wyvern zombie (D:9)
  4 scorpions
  9 wights (D:9)
  4 howler monkeys
  A crimson imp (D:6)
  A bullfrog zombie (D:8)
  A quasit (D:9)
  A centaur zombie (D:5)
  3 jellies
  12 orc wizards
  4 hounds
  7 orc priests
  2 iguanas
  2 bullfrog skeletons (D:9)
  Terence (D:3)
  10 worker ants
  A hound skeleton (D:4)
  A howler monkey zombie (D:5)
  A worker ant zombie (D:10)
  11 gnolls
  A howler monkey skeleton (D:9)
  7 adders
  4 shadow imps
  4 oozes
  An adder skeleton (D:5)
  4 worms
  A dart slug (D:1)
  5 leopard geckos
  34 orcs
  8 bats
  3 giant cockroaches
  5 hobgoblins
  16 jackals
  18 kobolds
  3 quokkas
  3 ball pythons
  2 frilled lizards
  10 goblins
  A leopard gecko skeleton (D:5)
  A quokka zombie (D:5)
  4 rats
270 creatures vanquished.

Vanquished Creatures (others)
  A plant (Orc:1)
1 creature vanquished.

Grand Total: 271 creatures vanquished

Notes
Turn   | Place    | Note
-------+----------+-------------------------------------------
     0 | D:1      | Illumine the Deep Dwarf Fighter began the quest for the
                  | Orb.
     0 | D:1      | Reached XP level 1. HP: 20/20 MP: 1/1
   139 | D:1      | Reached XP level 2. HP: 27/27 MP: 2/2
   367 | D:1      | Reached XP level 3. HP: 28/33 MP: 3/3
   899 | D:2      | Reached XP level 4. HP: 37/40 MP: 4/4
   975 | D:2      | Found an ancient bone altar of Kikubaaqudgha.
  1123 | D:3      | Noticed Terence
  1134 | D:3      | Killed Terence
  1461 | D:3      | Reached XP level 5. HP: 34/46 MP: 5/5
  1469 | D:3      | Reached skill level 5 in Axes
  1543 | D:3      | Found a shimmering altar of Xom.
  1543 | D:3      | Found a shimmering altar of Xom.
  1544 | D:3      | Found a shimmering altar of Xom.
  1545 | D:3      | Found a shimmering altar of Xom.
  1545 | D:3      | Found a shimmering altar of Xom.
  1545 | D:3      | Found a shimmering altar of Xom.
  2257 | D:3      | Found a blossoming altar of Fedhas.
  2261 | D:3      | Found a stormy altar of Qazlal.
  2266 | D:3      | Found a hide-covered altar of Uskayaw.
  2445 | D:4      | Reached skill level 5 in Shields
  2445 | D:4      | Reached XP level 6. HP: 15/55 MP: 5/5
  2582 | D:4      | Reached XP level 7. HP: 22/61 MP: 6/6
  2773 | D:4      | Got an ichor-stained war axe
  2774 | D:4      | Identified the cursed +2 war axe "Tiera" {flame, Str+3}
                  | (You found it on level 4 of the Dungeon)
  3020 | D:5      | Entered Level 5 of the Dungeon
  3022 | D:5      | Noticed Edmund
  3027 | D:5      | Reached skill level 1 in Dodging
  3050 | D:4      | Killed Edmund
  3091 | D:5      | Noticed Sigmund
  3145 | D:5      | Reached XP level 8. HP: 43/69 MP: 6/6
  3202 | D:5      | Killed Sigmund
  3342 | D:5      | You fall into a shaft and drop 2 floors!
  3448 | D:6      | Reached skill level 5 in Armour
  3453 | D:5      | Found a burning altar of Makhleb.
  3453 | D:5      | Noticed Menkaure
  3456 | D:5      | Killed Menkaure
  3460 | D:5      | Became a worshipper of Makhleb the Destroyer
  3503 | D:5      | Found a shadowy altar of Dithmenos.
  3640 | D:5      | Gained mutation: You passively map the area around you.
                  | [Deep Dwarf growth]
  3640 | D:5      | Reached XP level 9. HP: 45/79 MP: 6/6
  3761 | D:6      | Found a staircase to the Ecumenical Temple.
  3897 | D:6      | Found Ebeimpue's Weapon Boutique.
  4590 | D:6      | Found a shimmering altar of Xom.
  4785 | D:7      | Reached * piety under Makhleb
  4959 | D:7      | Reached skill level 5 in Fighting
  5066 | D:7      | Got a faintly glowing mace
  5083 | D:7      | Reached skill level 1 in Invocations
  5093 | D:7      | Identified the +4 mace of Eternity {freeze, rF+ Str+4} (You
                  | found it on level 7 of the Dungeon)
  5179 | D:7      | Found an ornate altar of the Wu Jian Council.
  5185 | D:7      | Found a white marble altar of Elyvilon.
  5290 | D:8      | HP: 3/81 [ogre/+0 giant club (7)]
  5293 | D:8      | Reached skill level 5 in Dodging
  5374 | D:8      | Found Safacwuq's Gadget Boutique.
  5442 | D:8      | Noticed Pikel
  5466 | D:8      | Killed Pikel
  5466 | D:8      | Reached XP level 10. HP: 42/88 MP: 5/7
  5529 | D:8      | Noticed Joseph
  5550 | D:8      | Killed Joseph
  5978 | D:9      | Found a shattered altar of Ashenzari.
  5990 | D:9      | Noticed Psyche
  5991 | D:9      | Noticed Erica
  6014 | D:9      | Killed Psyche
  6022 | D:9      | Killed Erica
  6033 | D:9      | Reached ** piety under Makhleb
  6170 | D:9      | Noticed a tengu warrior
  6196 | D:9      | Killed a tengu warrior
  6215 | D:9      | Reached skill level 5 in Invocations
  6219 | D:9      | Reached skill level 10 in Axes
  6428 | D:9      | Noticed Erolcha
  6439 | D:9      | Paralysed by Erolcha for 5 turns
  6448 | D:9      | Killed Erolcha
  6448 | D:9      | Reached XP level 11. HP: 75/99 MP: 10/10
  6738 | D:10     | Entered Level 10 of the Dungeon
  6816 | D:10     | Found Fothry's Book Shop.
  6935 | D:10     | Found a staircase to the Orcish Mines.
  6985 | D:10     | Reached *** piety under Makhleb
  7055 | Orc:1    | Entered Level 1 of the Orcish Mines
  7066 | Orc:1    | Noticed a two-headed ogre
  7068 | Orc:1    | Reached skill level 10 in Shields
  7068 | Orc:1    | Noticed an ogre mage
  7078 | Orc:1    | Killed a two-headed ogre
  7086 | Orc:1    | Killed an ogre mage
  7132 | Orc:1    | Noticed Sonja
  7133 | Orc:1    | Noticed an ettin
  7141 | Orc:1    | HP: 1/100 [ettin/+0 dire flail (34)]
  7141 | Orc:1    | Annihilated by an ettin

Levels and vault maps discovered:
D:1:      scummos_arrival_checkerplants, layout_loops_ring
D:2:      kennysheep_big_flooded_room, layout_rooms, kiku_gazebo_pond_becter
D:3:      minmay_wonky_spiral, layout_basic, minmay_overflow_temple_star_quad,
          xom_redecorated, uniq_terence
D:4:      layout_loops_cross, first_ration
D:5:      layout_rooms, old_standard_altar, st_stairs_9,
          grunt_dithmenos_smoke_and_mirrors, uniq_sigmund, uniq_menkaure,
          uniq_edmund
D:6:      layout_layer_cave, minmay_temple_entry_junction, serial_shops,
          kennysheep_mini, basic_altar, hex_medium,
          chequers_serial_rivers_small_a
D:7:      layout_basic, amethyst_overflow_temple_binary, the_bakery
D:8:      layout_gridville, serial_shops, shop, uniq_joseph, uniq_pikel
D:9:      nicolae_whirlpool, layout_irregular_city, lemuel_doored_altar,
          minmay_misc_feat_cross, uniq_psyche, uniq_erica, uniq_erolcha
D:10:     minmay_quarter_circles, layout_basic,
          kennysheep_orc_monster_closet_entryway, serial_shops, shop
Orc:1:    giant_chief_lemuel, layout_caves, mines1_david, uniq_sonja

Skill      XL: |  1  2  3  4  5  6  7  8  9 10 11 |
---------------+----------------------------------+-----
Axes           | 3 4 5 6 7 8 9 10 | 10.5
Shields        | 4 5 6 7 8 9 10 | 10.1
Fighting       | 3 4 5 6 7 |  7.0
Dodging        | 2 4 5 6 7 |  7.4
Armour         | 4 5 6 7 8 |  8.3
Invocations    | 2 5 6 |  6.6

Action                   |  1- 3 |  4- 6 |  7- 9 | 10-12 || total
-------------------------+-------+-------+-------+-------++-------
Melee: War axe           |   124 |   188 |   310 |   294 ||   916
Throw: Dart              |       |       |    11 |       ||    11
 Abil: Heal Wounds       |     1 |     5 |     9 |     6 ||    21
  Use: Scroll            |     2 |       |     9 |     4 ||    15
       Potion            |       |     1 |     2 |       ||     3
  Eat: Chunk             |       |     6 |     8 |     7 ||    21
       Ration            |       |       |     1 |       ||     1
Armor: Scale mail        |    72 |     6 |       |       ||    78
       Chain mail        |       |   114 |   107 |    56 ||   277
       Skin              |       |       |    32 |       ||    32
       Plate armour      |       |       |       |    29 ||    29
Dodge: Dodged            |    58 |    63 |    70 |    64 ||   255
Block: Shield            |    94 |   109 |   112 |       ||   315
       Large shield      |       |       |   143 |   315 ||   458
